MLB
SAN FRANCISCO GIANTS @ COLORADO ROCKIES
03/25/2042
 
TOP OF THE 1ST
San Francisco Giants batting - Pitching for Colorado Rockies : RHP Orlando Bernard
Pitching: RHP Orlando Bernard
Batting: RHB José Simmons 0-0: Ball
1-0: Called Strike
1-1: Ball
2-1: Foul Ball, location: 25F
2-2: Fly out, F8 (Flyball, 78S, EV 93.1 MPH)
Batting: LHB Deron Ferrell 0-0: Called Strike
0-1: Ball
1-1: Ball
2-1: Called Strike
2-2: SINGLE (Groundball, 6MD, EV 110.0 MPH)
Batting: LHB Jesús Rivera 0-0: Ball
Deron Ferrell is caught stealing 2nd base 2-6
1-0: Ball
2-0: Ground out 6-3 (Groundball, 4MS, EV 91.3 MPH)
Top of the 1st over - 0 runs, 1 hit, 0 errors, 0 left on base; San Francisco 0 - Colorado 0
BOTTOM OF THE 1ST
Colorado Rockies batting - Pitching for San Francisco Giants : RHP Eddie Anderson
Pitching: RHP Eddie Anderson
Batting: LHB Dan Pérez 0-0: Ball
1-0: Called Strike
1-1: Ball
2-1: Foul Ball, location: 2F
2-2: Foul Ball, location: 23FF
2-2: Fly out, F9 (Line Drive, 89M, EV 106.9 MPH)
Batting: RHB Jorge Esquivel 0-0: Called Strike
0-1: SINGLE (Flyball, 34D, EV 82.5 MPH)
Batting: LHB Álex Cepeda 0-0: Ball
1-0: Called Strike
1-1: Ball
Jorge Esquivel is caught stealing 2nd base 2-6
2-1: Fly out, F8 (Flyball, 78S, EV 91.3 MPH)
Bottom of the 1st over - 0 runs, 1 hit, 0 errors, 0 left on base; San Francisco 0 - Colorado 0
TOP OF THE 2ND
San Francisco Giants batting - Pitching for Colorado Rockies : RHP Orlando Bernard
Batting: RHB José Medina 0-0: Fly out, F8 (Flyball, 8RD, EV 103.8 MPH)
Batting: LHB Jeremy Price 0-0: Called Strike
0-1: SINGLE (Groundball, 6M, EV 80.6 MPH) (infield hit)
Batting: RHB Joe Silver 0-0: Ball
1-0: Called Strike
1-1: Ball
2-1: Ground out 5-3 (Groundball, 56S, EV 67.5 MPH)
Jeremy Price to second
Batting: RHB José Solís 0-0: Ball
1-0: Swinging Strike
1-1: Ground out 1-3 (Groundball, 15S, EV 76.3 MPH)
Top of the 2nd over - 0 runs, 1 hit, 0 errors, 1 left on base; San Francisco 0 - Colorado 0
BOTTOM OF THE 2ND
Colorado Rockies batting - Pitching for San Francisco Giants : RHP Eddie Anderson
Batting: RHB Joe Thompson 0-0: Ball
1-0: Ball
2-0: Called Strike
2-1: Ball
3-1: Foul Ball, location: 3DF
3-2: Base on Balls
Batting: RHB Bob Jacobs 0-0: Ball
1-0: Ball
2-0: SINGLE (Flyball, 4MD, EV 95.0 MPH)
Joe Thompson to second
Batting: RHB Lonnie Anderson 0-0: Ball
1-0: Foul Ball, location: 23FF
1-1: Ball
2-1: Foul Ball, location: 7LMF
2-2: Strikes out swinging
Batting: RHB Steve O'Brien 0-0: Ball
1-0: Called Strike
1-1: Called Strike
1-2: Grounds into double play, 6-4-3 (Groundball, 6, EV 105.6 MPH)
Bottom of the 2nd over - 0 runs, 1 hit, 0 errors, 1 left on base; San Francisco 0 - Colorado 0
TOP OF THE 3RD
San Francisco Giants batting - Pitching for Colorado Rockies : RHP Orlando Bernard
Batting: RHB Dave Kondo 0-0: Foul Ball, location: 23F
0-1: Called Strike
0-2: Ball
1-2: Foul Ball, location: 2F
1-2: Ball
2-2: Foul Ball, location: 2F
2-2: Ball
3-2: Foul Ball, location: 7LMF
3-2: Fly out, F7 (Flyball, 7D, EV 109.4 MPH)
Batting: RHB Ron Account 0-0: Ball
1-0: Ball
2-0: Foul Ball, location: 2F
2-1: Foul Ball, location: 5DF
2-2: Ball
3-2: Base on Balls
Batting: RHB José Simmons 0-0: Ball
1-0: Ball
2-0: Ball
3-0: Base on Balls
Ron Account to second
Batting: LHB Deron Ferrell 0-0: Hit by Pitch
Ron Account to third
José Simmons to second
Batting: LHB Jesús Rivera 0-0: Ball
1-0: Swinging Strike
1-1: Ball
2-1: Ball
3-1: Base on Balls
Ron Account scores
José Simmons to third
Deron Ferrell to second
Batting: RHB José Medina 0-0: Foul Ball, location: 2F
0-1: Ball
1-1: Grounds into double play, 5-4-3 (Groundball, 56, EV 103.1 MPH)
Top of the 3rd over - 1 run, 0 hits, 0 errors, 2 left on base; San Francisco 1 - Colorado 0
BOTTOM OF THE 3RD
Colorado Rockies batting - Pitching for San Francisco Giants : RHP Eddie Anderson
Batting: RHB Ron Long 0-0: Ball
1-0: Called Strike
1-1: Ball
2-1: Called Strike
2-2: Foul Ball, location: 2F
2-2: Fly out, F9 (Line Drive, 9S, EV 85.6 MPH)
Batting: RHB Alec Kimpton 0-0: Ball
1-0: Called Strike
1-1: Ground out 5-3 (Groundball, 56, EV 80.6 MPH)
Batting: LHB Dan Pérez 0-0: Foul Ball, location: 3FF
0-1: DOUBLE (Flyball, 8RXD, EV 111.3 MPH)
Batting: RHB Jorge Esquivel 0-0: Ball
1-0: Foul Ball, location: 2F
1-1: Called Strike
1-2: Ball
2-2: Fly out, F9 (Flyball, 9S, EV 97.5 MPH)
Bottom of the 3rd over - 0 runs, 1 hit, 0 errors, 1 left on base; San Francisco 1 - Colorado 0
TOP OF THE 4TH
San Francisco Giants batting - Pitching for Colorado Rockies : RHP Orlando Bernard
Batting: LHB Jeremy Price 0-0: Called Strike
0-1: Ball
1-1: Ground out 4-3 (Groundball, 4D, EV 103.8 MPH)
Batting: RHB Joe Silver 0-0: Ground out 5-3 (Groundball, 5, EV 81.9 MPH)
Batting: RHB José Solís 0-0: Called Strike
0-1: Ball
1-1: Foul Ball, location: 2F
1-2: Ball
2-2: DOUBLE (Flyball, 7LD, EV 98.1 MPH)
Pitching: RHP Ethan Byrne
Batting: RHB Dave Kondo 0-0: Swinging Strike
0-1: Ball
1-1: Called Strike
1-2: Foul Ball, location: 9LDF
1-2: Ground out 6-3 (Groundball, 6, EV 103.1 MPH)
Top of the 4th over - 0 runs, 1 hit, 0 errors, 1 left on base; San Francisco 1 - Colorado 0
BOTTOM OF THE 4TH
Colorado Rockies batting - Pitching for San Francisco Giants : RHP Eddie Anderson
Batting: LHB Álex Cepeda 0-0: Ball
1-0: Foul Ball, location: 23FF
1-1: Ground out U3 (Groundball, 3, EV 105.0 MPH)
Batting: RHB Joe Thompson 0-0: Ball
1-0: Foul Ball, location: 5F
1-1: Ground out 2-3 (Groundball, 13S, EV 64.4 MPH)
Batting: RHB Bob Jacobs 0-0: Ball
1-0: Swinging Strike
1-1: Called Strike
1-2: Strikes out swinging
Bottom of the 4th over - 0 runs, 0 hits, 0 errors, 0 left on base; San Francisco 1 - Colorado 0
TOP OF THE 5TH
San Francisco Giants batting - Pitching for Colorado Rockies : RHP Ethan Byrne
Now at 1B: Andy Bean
Now in LF: José De Los Santos
Now in CF: Cisco Sandodal
Batting: RHB Ron Account 0-0: Ball
1-0: Foul Ball, location: 2F
1-1: Swinging Strike
1-2: Foul Ball, location: 23F
1-2: Foul Ball, location: 3SF
1-2: SINGLE (Line Drive, 4MD, EV 100.0 MPH)
Pinch Hitting: LHB Jorge Apodaca 0-0: Called Strike
0-1: Ball
1-1: Ball
2-1: Bunted foul
2-2: Ball
3-2: Strikes out looking
Pinch Hitting: RHB Luis Hernández 0-0: Ball
1-0: Swinging Strike
1-1: Called Strike
1-2: Foul Ball, location: 2F
1-2: Strikes out swinging
Batting: LHB Jesús Rivera 0-0: Ball
1-0: Called Strike
1-1: Called Strike
1-2: Ball
2-2: Foul Ball, location: 3FF
2-2: Ball
3-2: Strikes out swinging
Top of the 5th over - 0 runs, 1 hit, 0 errors, 1 left on base; San Francisco 1 - Colorado 0
BOTTOM OF THE 5TH
Colorado Rockies batting - Pitching for San Francisco Giants : RHP Eddie Anderson
Pitching: RHP Juan Barrera
Now at C: Anastasio Ramos
Now at 1B: Dewitt Mathews
Now at 2B: Jim Beard
Now at 3B: Lou MacDonald
Now in LF: Luis Hernández
Now in CF: Jorge Apodaca
Now in RF: Steve Browning
Batting: RHB Lonnie Anderson 0-0: Swinging Strike
0-1: Ball
1-1: Ball
2-1: SINGLE (Line Drive, 56D, EV 105.6 MPH)
Batting: RHB Steve O'Brien 0-0: Called Strike
0-1: Ball
1-1: Called Strike
Lonnie Anderson steals 2nd base
1-2: Ground out 5-3 (Groundball, 56, EV 104.4 MPH)
Batting: RHB Ron Long 0-0: Called Strike
Lonnie Anderson is caught stealing 3rd base 2-5
0-1: Foul Ball, location: 9LDF
0-2: Ground out 4-3 (Groundball, 4, EV 85.0 MPH)
Bottom of the 5th over - 0 runs, 1 hit, 0 errors, 0 left on base; San Francisco 1 - Colorado 0
TOP OF THE 6TH
San Francisco Giants batting - Pitching for Colorado Rockies : RHP Ethan Byrne
Pitching: RHP Billy Hooper
Now at 3B: Jared Tebazalwa
Batting: RHB Dewitt Mathews 0-0: Ground out 5-3 (Groundball, 56, EV 103.1 MPH)
Batting: LHB Jim Beard 0-0: Ball
1-0: Swinging Strike
1-1: Ball
2-1: Foul Ball, location: 9LMF
2-2: Foul Ball, location: 7LMF
2-2: Strikes out swinging
Batting: RHB Lou MacDonald 0-0: Ball
1-0: Fly out, F8 (Flyball, 78D, EV 86.9 MPH)
Top of the 6th over - 0 runs, 0 hits, 0 errors, 0 left on base; San Francisco 1 - Colorado 0
BOTTOM OF THE 6TH
Colorado Rockies batting - Pitching for San Francisco Giants : RHP Juan Barrera
Pitching: LHP Ismael Arechar
Batting: RHB Alec Kimpton 0-0: Called Strike
0-1: Ball
1-1: Foul Ball, location: 9LDF
1-2: Ball
2-2: Ground out 6-3 (Groundball, 6, EV 90.0 MPH)
Batting: RHB Cisco Sandodal 0-0: Called Strike
0-1: Ball
1-1: DOUBLE (Line Drive, 89D, EV 101.9 MPH)
Batting: LHB Andy Bean 0-0: Foul Ball, location: 7LSF
0-1: Ball
1-1: Foul Ball, location: 2F
1-2: Fly out, F9 (Flyball, 9S, EV 84.4 MPH)
Batting: LHB José De Los Santos 0-0: Ball
1-0: Foul Ball, location: 7LMF
1-1: Swinging Strike
1-2: Ball
2-2: Foul Ball, location: 2RF
2-2: Foul Ball, location: 5F
2-2: SINGLE (Line Drive, 6D, EV 103.8 MPH)
Cisco Sandodal to third
Runner from 3rd tries for Home, SAFE, throw by LF to home
Batting: RHB Joe Thompson 0-0: Ball
José De Los Santos is caught stealing 2nd base 2-4
Bottom of the 6th over - 1 run, 2 hits, 0 errors, 0 left on base; San Francisco 1 - Colorado 1
TOP OF THE 7TH
San Francisco Giants batting - Pitching for Colorado Rockies : RHP Billy Hooper
Pitching: RHP Héctor Deleón
Batting: LHB Steve Browning 0-0: Ball
1-0: Ground out 4-3 (Groundball, 4, EV 84.4 MPH)
Batting: RHB Anastasio Ramos 0-0: Ball
1-0: Called Strike
1-1: DOUBLE (Groundball, 5L, EV 99.4 MPH)
Pinch Hitting: RHB Bob Wilkinson 0-0: Called Strike
0-1: Called Strike
0-2: Ground out 6-3 (Groundball, 56, EV 86.3 MPH)
Batting: LHB Jorge Apodaca 0-0: Foul Ball, location: 2F
0-1: Ball
1-1: Foul Ball, location: 25F
1-2: Foul Ball, location: 7LDF
1-2: Ball
2-2: Foul Ball, location: 23F
2-2: Foul Ball, location: 9LMF
2-2: Ball
3-2: SINGLE (Groundball, 6MD, EV 101.3 MPH)
Anastasio Ramos to third
Runner from 3rd tries for Home, SAFE, throw by CF to home
Batting: RHB Luis Hernández 0-0: Called Strike
0-1: Ball
1-1: Ball
2-1: Swinging Strike
2-2: Strikes out looking
Top of the 7th over - 1 run, 2 hits, 0 errors, 1 left on base; San Francisco 2 - Colorado 1
BOTTOM OF THE 7TH
Colorado Rockies batting - Pitching for San Francisco Giants : LHP Ismael Arechar
Pitching: RHP Sergio Rebolloso
Now at SS: Bob Wilkinson
Batting: RHB Joe Thompson 0-0: Ball
1-0: Called Strike
1-1: Swinging Strike
1-2: Fly out, F4 (Popup, 4, EV 64.4 MPH)
Pinch Hitting: LHB Luis Rodríguez 0-0: Swinging Strike
0-1: Ball
1-1: Ball
2-1: Ball
3-1: Foul Ball, location: 5SF
3-2: Foul Ball, location: 25F
3-2: Strikes out swinging, 2-3 out at first.
Pinch Hitting: LHB Alex Battle 0-0: Ball
1-0: Ball
2-0: Ball
3-0: Called Strike
3-1: Called Strike
3-2: Strikes out looking
Bottom of the 7th over - 0 runs, 0 hits, 0 errors, 0 left on base; San Francisco 2 - Colorado 1
TOP OF THE 8TH
San Francisco Giants batting - Pitching for Colorado Rockies : RHP Héctor Deleón
Now at 2B: Luis Rodríguez
Now in LF: Alex Battle
Now in RF: José De Los Santos
Batting: RHB Kris Smith 0-0: Ball
1-0: Called Strike
1-1: Foul Ball, location: 9LMFF
1-2: Reached on error, E5 (Groundball, 56S, EV 66.9 MPH)
Batting: RHB Dewitt Mathews 0-0: Foul Ball, location: 5SF
0-1: Ball
1-1: Ball
2-1: Ground out 6-3 (Groundball, 6, EV 100.0 MPH)
Kris Smith to third
Batting: LHB Jim Beard 0-0: Ball
1-0: Ball
2-0: Fielders Choice at home, 3-2 (Groundball, 3S, EV 66.9 MPH)
Pinch Hitting: LHB Johnny Reed 0-0: Ball
1-0: Fly out, F9 (Flyball, 9, EV 90.0 MPH)
Top of the 8th over - 0 runs, 0 hits, 1 error, 1 left on base; San Francisco 2 - Colorado 1
BOTTOM OF THE 8TH
Colorado Rockies batting - Pitching for San Francisco Giants : RHP Sergio Rebolloso
Pitching: RHP Mike Thomas
Now at 3B: Luis Cortéz
Batting: RHB Jared Tebazalwa 0-0: Fly out, F8 (Line Drive, 8RM, EV 91.3 MPH)
Batting: RHB Ken Keith 0-0: Ball
1-0: Swinging Strike
1-1: Ball
2-1: DOUBLE (Flyball, 8RXD, EV 90.6 MPH)
Batting: RHB Alec Kimpton 0-0: Called Strike
0-1: Ball
1-1: Ground out 4-3 (Groundball, 4, EV 79.4 MPH)
Ken Keith to third
Batting: RHB Cisco Sandodal 0-0: Swinging Strike
0-1: Swinging Strike
0-2: Strikes out looking
Bottom of the 8th over - 0 runs, 1 hit, 0 errors, 1 left on base; San Francisco 2 - Colorado 1
TOP OF THE 9TH
San Francisco Giants batting - Pitching for Colorado Rockies : RHP Héctor Deleón
Pitching: RHP Butch Parrish
Batting: LHB Steve Browning 0-0: Foul Ball, location: 2F
0-1: Foul Ball, location: 2F
0-2: Foul Ball, location: 5F
0-2: Ball
1-2: Strikes out swinging
Batting: RHB Anastasio Ramos 0-0: Called Strike
0-1: Foul Ball, location: 5DF
0-2: Ball
1-2: Ball
2-2: Ground out 6-3 (Groundball, 56, EV 102.5 MPH)
Pinch Hitting: LHB Jim Meléndez 0-0: Ground out 4-3 (Groundball, 4, EV 85.0 MPH)
Top of the 9th over - 0 runs, 0 hits, 0 errors, 0 left on base; San Francisco 2 - Colorado 1
BOTTOM OF THE 9TH
Colorado Rockies batting - Pitching for San Francisco Giants : RHP Mike Thomas
Pitching: LHP António Fernández
Now at 2B: Jorge Juárez
Now at SS: Jim Beard
Batting: LHB Andy Bean 0-0: Foul Ball, location: 2F
0-1: Foul Ball, location: 3DF
0-2: Strikes out looking
Batting: LHB José De Los Santos 0-0: Ball
1-0: Foul Ball, location: 7LSF
1-1: Foul Ball, location: 7LDF
1-2: Strikes out swinging
Batting: RHB Joe Thompson 0-0: Ball
1-0: Ball
2-0: Ball
3-0: Called Strike
3-1: Foul Ball, location: 23F
3-2: Strikes out looking
Bottom of the 9th over - 0 runs, 0 hits, 0 errors, 0 left on base; San Francisco 2 - Colorado 1
Friday, May 3rd , 2024 - OOTP Baseball 24.10 Build 82